AoeStats
← killinserotonin

African Clearing

513084064Analyzed
4v4 RM · 5d ago on Oct 12, 2026· 53m 57s· 8 players
Game mode
Random Map
Map size
Large (8 player)
Population
200
Speed
Normal
Resources
Standard
Victory
Conquest
Starting age
Dark Age
Ending age
Imperial Age
RankedLock teamsTeams togetherTeam positionsShared explorationLock speedFull tech treeHidden civsTurbo modeCheats
Victory
Defeat
🇨🇳 Maya · China
1080
+18
🇨🇳 Burgundians · China
1053
+19
🇨🇱 Khmer · Chile
1039
+19
🇳🇿 Vietnamese · New Zealand
993
+21
vs
🇺🇸 Franks · United States
1171
-22
🇲🇽 Aztecs · Mexico
1161
-21
🇧🇷 Chinese · Brazil
1149
-21
🇲🇽 Varangians · Mexico
967
-13
1602612460
7:46 Double-Bit Axe
11:45 Wheelbarrow
13:38 Feudal Age
17:44 Castle Age
19:01 Bow Saw
20:55 Bow Saw
20:47 Horse Collar
21:49 Hand Cart
25:18 Stone Mining
26:43 Gold Mining
27:19 Scale Barding Armor
27:46 Cavalier
30:37 Gold Shaft Mining
30:38 Stone Shaft Mining
30:39 Chain Barding Armor
30:29 Forging
31:20 Heavy Plow
31:56 Burgundian Vineyards
33:09 Two-Man Saw
35:37 Imperial Age
34:49 Iron Casting
36:39 Loom
36:41 Town Watch
37:38 Plate Barding Armor
38:03 Blast Furnace
38:56 Chemistry
38:49 Paladin
43:32 Fletching
45:24 Husbandry
46:12 Conscription
46:38 Padded Archer Armor
48:50 Scale Mail Armor
49:08 Leather Archer Armor
50:12 Masonry
53:34 Crop Rotation
DonaldTrumpet
4:36 Loom
12:13 Feudal Age
14:02 Double-Bit Axe
17:16 Fletching
32:06 Wheelbarrow
32:41 Horse Collar
36:56 Castle Age
36:20 Gold Mining
36:59 Town Watch
37:54 Bow Saw
39:13 Padded Archer Armor
39:09 Bodkin Arrow
40:57 Hand Cart
47:49 Coinage
54:18 Imperial Age
51:49 Town Patrol
EMPANADADEPICOQUESO
5:31 Loom
11:51 Feudal Age
16:44 Castle Age
17:25 Bloodlines
21:01 Scale Barding Armor
29:21 Horse Collar
31:21 Gold Mining
33:17 Heavy Plow
33:56 Gold Shaft Mining
34:33 Forging
34:44 Chain Barding Armor
34:53 Husbandry
37:31 Iron Casting
46:19 Imperial Age
44:27 Wheelbarrow
43:39 Double-Bit Axe
43:51 Stone Mining
47:03 Bow Saw
47:05 Double Crossbow
46:39 Heavy Scorpion
50:01 Capped Ram
51:36 Ballistics
52:17 Chemistry
51:23 Siege Ram
52:50 Siege Engineers
EU _XING
4:26 Loom
14:58 Feudal Age
16:07 Double-Bit Axe
17:22 Wheelbarrow
17:03 Town Watch
20:10 Castle Age
18:05 Gold Mining
18:31 Town Watch
19:02 Horse Collar
21:24 Bow Saw
26:33 Hand Cart
29:01 Stone Mining
30:41 Stone Shaft Mining
31:12 Heavy Plow
33:31 Fletching
37:19 Imperial Age
34:37 Treadmill Crane
35:19 Ballistics
34:59 Bodkin Arrow
35:04 Padded Archer Armor
34:59 Bodkin Arrow
35:04 Padded Archer Armor
37:59 Scale Mail Armor
38:09 Forging
37:33 Man-at-Arms
38:15 Squires
38:00 Arson
39:03 Crop Rotation
39:00 Chain Mail Armor
38:24 Long Swordsman
40:10 Iron Casting
39:58 Conscription
39:08 Two-Handed Swordsman
41:05 Plate Mail Armor
41:12 Bracer
43:18 Chemistry
42:14 Murder Holes
42:04 Pikeman
44:13 Blast Furnace
43:29 Leather Archer Armor
44:22 Fortified Wall
44:22 Masonry
44:22 Fortified Wall
45:26 Town Patrol
47:12 Ring Archer Armor
47:07 Herbal Medicine
48:18 Architecture
48:54 Two-Man Saw
49:15 Fervor
50:36 Hoardings
52:28 Block Printing
52:37 Sanctity
killinserotonin
5:39 Loom
14:17 Feudal Age
18:05 Stone Mining
21:59 Castle Age
38:53 Double-Bit Axe
SköllShadow
6:49 Loom
18:32 Feudal Age
19:52 Wheelbarrow
19:45 Fishing Lines
20:23 Bloodlines
22:10 Horse Collar
22:59 Double-Bit Axe
29:29 Castle Age
28:43 Gold Mining
28:45 Stone Mining
29:08 Forging
30:34 Hand Cart
30:48 Gillnets
31:07 Husbandry
31:17 Town Watch
32:45 Bow Saw
32:42 Treadmill Crane
33:28 Ballistics
35:07 Iron Casting
35:00 Fortified Wall
36:38 Heavy Plow
39:22 Stone Shaft Mining
38:49 Fletching
39:28 Gambesons
39:43 Squires
39:28 Arson
46:48 Imperial Age
43:45 Pikeman
44:55 Caravan
45:21 Scale Mail Armor
46:52 Chain Mail Armor
47:52 Conscription
47:52 Elite Varangian Guard
49:20 Gothikon
51:46 Blast Furnace
kiubi23cch
14:25 Feudal Age
20:00 Castle Age
19:08 Horse Collar
19:25 Double-Bit Axe
20:52 Heavy Plow
23:43 Loom
26:21 Wheelbarrow
29:02 Hand Cart
29:37 Caravan
34:42 Imperial Age
31:59 Town Watch
32:36 Pikeman
33:23 Scale Mail Armor
33:33 Forging
33:56 Bow Saw
35:18 Chain Mail Armor
34:43 Capped Ram
35:46 Conscription
36:20 Siege Ram
39:41 Plate Mail Armor
39:46 Iron Casting
39:55 Eagle Warrior
40:58 Man-at-Arms
41:33 Gambesons
42:52 Blast Furnace
41:33 Long Swordsman
42:16 Two-Handed Swordsman
klausera_br
4:17 Loom
15:40 Feudal Age
21:02 Fletching
Connection lost

Rejoining the realm…

Still unreachable

The connection could not be restored.

Session expired

The server has moved on; the page needs a fresh start.